 Dungeon Sprint DCSS version 0.30-a0-879-ga8ba668304 (webtiles) character file.

Game seed: 1500598883301570376

116 Hubris850 the Merchant of Misery (level 4, -1/30 HPs)
             Began as a Mummy Necromancer on Mar 13, 2023.
             Was a Believer of Kikubaaqudgha.
             Slain by a wolf (7 damage)
             ... in the Dungeon (Sprint VII: "The Pits").
             The game lasted 00:02:00 (278 turns).

Hubris850 the Merchant of Misery (Mummy Necromancer) Turns: 278, Time: 00:02:01

Health: -1/30      AC:  2    Str: 11    XL:     4   Next: 70%
Magic:  6/11       EV: 12    Int: 16    God:    Kikubaaqudgha [**....]
Gold:   0          SH:  0    Dex: 12    Spells: 8/13 levels left

rFire   x . .      SeeInvis .    c - +2 quarterstaff
rCold   + . .      Faith    +    (shield currently unavailable)
rNeg    + + +      Spirit   .    a - +0 robe
rPois   ∞          Reflect  .    (no helmet)
rElec   .          Rampage  .    (no cloak)
rCorr   .          NoTele   +    (no gloves)
Will    .....                    (no boots)
Stlth   ++                       (no amulet)
HPRegen 0.25/turn                (no ring)
MPRegen 0.12/turn                (no ring)

@: animating dead
A: cold resistance 1, negative energy resistance 3, torment resistance 2, heat
vulnerability 1, in touch with death 1, no potions, faith
a: Renounce Religion, Unearth Wretches


You were in the Dungeon.
You worshipped Kikubaaqudgha.
Kikubaaqudgha was pleased with you.
You visited 1 branch

Inventory:

Hand Weapons
 c - a +2 quarterstaff (weapon)
Armour
 a - a +0 robe (worn)
Scrolls
 b - a scroll of blinking
 d - 5 scrolls of amnesia
 e - a scroll of summoning


   Skills:
 - Level 2.5 Dodging
 - Level 2.3 Stealth
 - Level 0.6 Unarmed Combat
 + Level 5.4 Spellcasting
 + Level 8.8 Necromancy


You had 8 spell levels left.
You knew the following spells:

 Your Spells              Type           Power      Damage    Failure   Level
a - Necrotise             Necr           100%       1d9       1%          1
b - Animate Dead          Necr           48%        N/A       3%          4

Your spell library contained the following spells:

 Spells                   Type           Power      Damage    Failure   Level
 Vampiric Draining        Necr           48%        2d9       1%          3
 Kiss of Death            Conj/Necr      100%       2d13      2%          1
 Cigotuvi's Dreadful Rot  Necr/Pois/Air  40%        N/A       7%          2
 Agony                    Necr           48%        N/A       11%         5


Dungeon Overview and Level Annotations

Branches:
Dungeon (1/1)

Altars:
Ashenzari
Cheibriados
Dithmenos
Fedhas
Gozag
Hepliaklqana
Kikubaaqudgha
Makhleb
Nemelex Xobeh
Okawaru
Qazlal
Ru
Sif Muna
Trog
Uskayaw
Vehumet
Wu Jian
Xom
Yredelemnul
Jiyva
Lugonu


Innate Abilities, Weirdness & Mutations

You are immune to poison.
Your flesh is cold resistant. (rC+)
You are immune to negative energy. (rN+++)
You are immune to unholy pain and torment.
You are vulnerable to heat. (rF-)
You are in touch with the powers of death.
You do not drink.
You have a special connection with the divine. (Faith)


Message History

Kikubaaqudgha accepts your kill.
Kikubaaqudgha is now protecting you from necromantic miscasts and death curses.
The ball python bites your scorpion zombie.
The ball python constricts your scorpion zombie.
The wolf bites your scorpion zombie but does no damage.
The gnoll hits your scorpion zombie with a +0 whip.
Your scorpion zombie barely misses the gnoll.
The wolf bites your scorpion zombie!
Your scorpion zombie is destroyed!
The ball python barely misses your kobold zombie.
The ball python grabs your kobold zombie.
The ball python constricts your kobold zombie.
Unknown command.
Your kobold zombie hits the ball python.
The ball python barely misses you.
The ball python constricts your kobold zombie.
You closely miss the ball python.
The ball python is moderately wounded.
The ball python bites you.
The ball python constricts your kobold zombie.
Your kobold zombie barely misses the ball python.
You hit the ball python.
You kill the ball python!
Kikubaaqudgha accepts your kill.
The dead are slithering!
Your kobold zombie hits the wolf but does no damage.
The wolf bites you.
You miss the wolf. The wolf bites you! The wolf barely misses you.
Your kobold zombie barely misses the wolf.
You barely miss the wolf. The wolf bites you. The wolf closely misses you.
Your kobold zombie closely misses the wolf.
Your ball python zombie bites the wolf but does no damage.
Your ball python zombie barely misses the wolf.
You hit the wolf.
The wolf is moderately wounded.
The wolf bites you!
* * * LOW HITPOINT WARNING * * *
The wolf bites you!
You die...
Kikubaaqudgha rasps: "You have failed me!
Welcome... oblivion!"

##########'##...........
#.?(!')))'.##......#..#
##########.##..........
#.......†...'...........
+#####'#####......#..#.
#.....##...........
#####'#####'#####+
#.....##.......#
#.ZZ@.##.......#
###h####.......# ....
#...<...# .......
#.......#
#........##.......#
###########.......#
#########


You could see a wolf (ally target), a friendly ball python zombie and a friendly
kobold zombie.

Vanquished Creatures
  A floating eye (D)
  A giant cockroach (D)
  2 jackals (D)
  A quokka (D)
  A ball python (D)
6 creatures vanquished.

Vanquished Creatures (collateral kills)
  An ufetubus (D)
  A hobgoblin (D)
2 creatures vanquished.

Vanquished Creatures (others)
  A troll (D)
  A scorpion (D)
  A troll zombie (D)
  A scorpion zombie (D)
  A kobold (D)
5 creatures vanquished.

Grand Total: 13 creatures vanquished

Notes
Turn   | Place    | Note
-------+----------+-------------------------------------------
     0 | D        | Hubris850 the Mummy Necromancer began the quest for the
                  | Orb.
     0 | D        | Reached XP level 1. HP: 13/13 MP: 4/4
     8 | D        | Noticed a floating eye
    11 | D        | Paralysed by a floating eye for 3 turns
    18 | D        | Killed a floating eye
    19 | D        | Reached skill level 5 in Spellcasting
    19 | D        | Reached skill level 8 in Necromancy
    19 | D        | Reached XP level 2. HP: 19/19 MP: 0/8
    19 | D        | Gained mutation: You are in touch with the powers of death.
                  | [Mummy growth]
    19 | D        | Reached XP level 3. HP: 24/24 MP: 0/9
    19 | D        | Reached XP level 4. HP: 30/30 MP: 0/11
    42 | D        | Found a basalt altar of Yredelemnul.
    42 | D        | Found a shimmering altar of Xom.
    42 | D        | Found an ornate altar of the Wu Jian Council.
    42 | D        | Found a bloodstained altar of Trog.
    42 | D        | Found a shimmering blue altar of Sif Muna.
    42 | D        | Found a sacrificial altar of Ru.
    42 | D        | Found a stormy altar of Qazlal.
    42 | D        | Found an iron altar of Okawaru.
    42 | D        | Found a sparkling altar of Nemelex Xobeh.
    42 | D        | Found a burning altar of Makhleb.
    42 | D        | Found a viscous altar of Jiyva.
    42 | D        | Found a hazy altar of Hepliaklqana.
    42 | D        | Found an opulent altar of Gozag.
    42 | D        | Found a blossoming altar of Fedhas.
    42 | D        | Found a shadowy altar of Dithmenos.
    42 | D        | Found a snail-covered altar of Cheibriados.
    43 | D        | Found a radiant altar of Vehumet.
    43 | D        | Found a corrupted altar of Lugonu.
   105 | D        | Found a hide-covered altar of Uskayaw.
   105 | D        | Found an ancient bone altar of Kikubaaqudgha.
   105 | D        | Found a broken altar of Ashenzari.
   113 | D        | Became a worshipper of Kikubaaqudgha
   146 | D        | Reached * piety under Kikubaaqudgha
   146 | D        | Received a gift from Kikubaaqudgha
   152 | D        | Learned a level 4 spell: Animate Dead
   178 | D        | Reached ** piety under Kikubaaqudgha
   263 | D        | Noticed a wolf
   278 | D        | Slain by a wolf

Illustrated notes

Levels and vault maps discovered:
D:        pitsprint [storerooms_1, entrance_room_1, metal_vault_5, armoury_2,
          mini_pit_1, grid_room_1, main_hall_1, silver_pit, the_coven_1,
          the_vestibule_1, steel_vault_3, golden_pit, hallway_of_sentries,
          crystal_vault_5, iron_vault_3, final_vault]

Skill      XL: |  1 |
---------------+----+-----
Dodging        | 2 |  2.5
Stealth        | 2 |  2.3
Spellcasting   | 5 |  5.4
Necromancy     | 8 |  8.8
Unarmed Combat | |  0.6

Action                     |  1- 3 |  4- 6 || total
---------------------------+-------+-------++-------
  Melee: Unarmed           |     3 |       ||     3
         Punch             |     1 |       ||     1
         Quarterstaff      |       |    34 ||    34
   Cast: Necrotise         |     4 |     1 ||     5
         Animate Dead      |       |     1 ||     1
 Invoke: Unearth Wretches  |       |     1 ||     1
 Armour: Robe              |       |     7 ||     7
  Dodge: Dodged            |       |    38 ||    38

Table legend: (Time is in decaauts)
 A = Elapsed time spent in this place.
 B = Non-inter-level travel time spent in this place.
 C = Inter-level travel time spent in this place.
 D = Time resting spent in this place.
 E = Time spent auto-exploring this place.
 F = Levels seen in this place.
 G = Mean time per level.
                   A        B        C        D        E       F      G
               +--------+--------+--------+--------+--------+-----+--------+
         Total |    287 |    287 |      0 |    135 |      0 |   1 |  287.0 |
       Dungeon |    287 |    287 |      0 |    135 |      0 |   1 |  287.0 |
               +--------+--------+--------+--------+--------+-----+--------+

Top non-repeatable levels by time:
       D: 287 daAuts
